 Dungeon Crawl Stone Soup version 0.29.0-5-ge4962eb29e (webtiles) character file.

Game seed: 10412177791580465837

1801 mortz the Covert (level 9, -5/49 HPs)
             Began as a Kobold Conjurer on Aug 28, 2022.
             Was an Initiate of Hepliaklqana.
             Slain by an unseen horror (6 damage)
             ... on level 7 of the Dungeon.
             The game lasted 00:27:37 (7410 turns).

mortz the Covert (Kobold Conjurer)                  Turns: 7410, Time: 00:27:37

Health: -5/49      AC:  7    Str:  4    XL:     9   Next: 30%
Magic:  16/24      EV: 16    Int: 22    God:    Hepliaklqana [......]
Gold:   239        SH:  0    Dex: 15    Spells: 9/16 levels left

rFire   . . .      SeeInvis .   a - +2 dagger (elec)
rCold   . . .      Faith    .   (no shield)
rNeg    . . .      Spirit   .   F - +0 steam dragon scales
rPois   .          Reflect  .   n - +0 helmet
rElec   .          Harm     .   (no cloak)
rCorr   .          Rampage  .   (no gloves)
Will    .....                   q - +0 pair of boots
Stlth   +++++.....              (no amulet)
HPRegen 0.16/turn               o - ring of magical power
MPRegen 0.19/turn               E - ring of wizardry

@: very slightly contaminated
A: small, no large weapons, nightstalker 3
a: Renounce Religion


You were on level 7 of the Dungeon.
You worshipped Hepliaklqana.
Hepliaklqana was noncommittal.
You visited 2 branches of the dungeon, and saw 8 of its levels.

You collected 239 gold pieces.

Inventory:

Hand Weapons
 a - a +2 dagger of electrocution (weapon)
 b - the +9 spear of the Briny Deep {drain, rF+}
   (You found it on level 5 of the Dungeon)

   A truly terrible weapon, it drains the life of any living foe it strikes.
   rF:        It protects you from fire.
 i - a +0 dagger
 r - a +0 short sword
 G - a +0 dagger
 H - a +1 vorpal hand axe
Armour
 f - a +2 ring mail of fire resistance
 n - a +0 helmet (worn)
 q - a +0 pair of boots (worn)
 u - a +2 ring mail of cold resistance
 F - +0 steam dragon scales (worn)
Jewellery
 c - a ring of protection from cold
 d - a ring of protection from cold
 o - a ring of magical power (left hand)
 v - a ring of see invisible
 E - a ring of wizardry (right hand)
Wands
 w - a wand of iceblast (8)
 z - a wand of light (14)
 B - a wand of polymorph (10)
Scrolls
 g - 2 scrolls of teleportation
 j - 2 scrolls of amnesia {unknown}
 l - 3 scrolls of immolation
 m - a scroll of noise {unknown}
 x - 2 scrolls of poison {unknown}
 A - a scroll of enchant weapon {unknown}
 D - 5 scrolls of identify
Potions
 e - 3 potions of mutation
 h - 2 potions of curing
 k - 2 potions of flight
 p - a potion of might {unknown}
 s - 2 potions of haste {unknown}
 y - a potion of magic
 C - a potion of invisibility {unknown}


   Skills:
 + Level 2.3 Fighting
 + Level 4.0 Short Blades
 + Level 0.8 Polearms
 + Level 4.1 Dodging
 + Level 10.2 Stealth
 + Level 4.1 Spellcasting
 + Level 6.1 Conjurations
 * Level 4.2 Translocations


You had 9 spell levels left.
You knew the following spells:

 Your Spells              Type           Power      Damage    Failure   Level
a - Magic Dart            Conj           100%       1d8       1%          1
b - Searing Ray           Conj           62%        2d6       1%          2
c - Iskenderun's Mystic   Conj/Tloc      27%        2d7       5%          4

Your spell library contained the following spells:

 Spells                   Type           Power      Damage    Failure   Level
 Dazzling Flash           Conj/Hex       36%        N/A       4%          3
 Passage of Golubria      Tloc           23%        N/A       8%          4
 Fulminant Prism          Conj/Hex       9%         3d7       12%         4
 Ozocubu's Armour         Ice            4%         N/A       13%         3
 Tukima's Dance           Hex            4%         N/A       13%         3
 Animate Dead             Necr           4%         N/A       38%         4
 Borgnjor's Vile Clutch   Necr/Erth      2%         N/A       73%         5
 Metabolic Englaciation   Hex/Ice        2%         N/A       73%         5
 Yara's Violent Unravell  Hex/Tmut       2%         3d3       73%         5
 Death Channel            Necr           2%         N/A       99%         6
 Simulacrum               Ice/Necr       2%         N/A       99%         6


Dungeon Overview and Level Annotations

Branches:
Dungeon (7/15)             Temple (1/1) D:5

Altars:
Ashenzari
Cheibriados
Dithmenos
Elyvilon
Fedhas
Hepliaklqana
Kikubaaqudgha
Makhleb
Nemelex Xobeh
Okawaru
Qazlal
Ru
Sif Muna
Trog
Uskayaw
Vehumet
Wu Jian
Xom
Yredelemnul
Zin
The Shining One

Shops:
D:1 :   D:6 *

Annotations:
D:3 Sigmund


Innate Abilities, Weirdness & Mutations

You are small and have problems with some larger weapons.
You are completely attuned to the shadows.


Message History

Something hits you but does no damage. Something hits you. Something hits you.
Something hits you.
Found a ring mail.
Your magical contamination has completely faded away.
Something closely misses you.
Found 3 scrolls of identify.
Something hits you. Something hits you!
* * * LOW HITPOINT WARNING * * *
Something closely misses you. Something hits you.
* * * LOW HITPOINT WARNING * * *
Casting: Iskenderun's Mystic Blast (dangerous; 5% risk of failure)
Confirm with . or Enter, or press ? or * to list all spells.
You miscast Iskenderun's Mystic Blast.
You are very lightly contaminated with residual magic.
Nothing appears to happen.
Something completely misses you.
Okay, then.
You feel better. Something hits you but does no damage.
The wight closely misses you. Magic courses through your body.
Something hits you!
* * * LOW HITPOINT WARNING * * *
The wight hits you but does no damage.
Casting: Iskenderun's Mystic Blast (dangerous; 5% risk of failure)
Confirm with . or Enter, or press ? or * to list all spells.
You erupt in a blast of force!
The mystic blast hits something!
The mystic blast hits the wight.
The wight is moderately damaged.
The wight is knocked back by the mystic blast.
Casting: Iskenderun's Mystic Blast (dangerous; 5% risk of failure)
Confirm with . or Enter, or press ? or * to list all spells.
You erupt in a blast of force!
The mystic blast hits the wight!
The wight is almost destroyed.
The wight is knocked back by the mystic blast.
The mystic blast hits something.
Casting: Iskenderun's Mystic Blast (dangerous; 5% risk of failure)
Confirm with . or Enter, or press ? or * to list all spells.
You can't see any susceptible monsters within range! (Use Z to cast anyway.) Unknown command.
Something hits you.
You die...

#...........#
............##
.............#
.............##
.............#
............#
#......##
#...#..#
.#.@.##.##
~.........#
..#.......## .
#[.......# ..
#.........####.#
........z..#...
?#........##.#
#..###....#z# ..
###..#'#+#


There were no monsters in sight!

Vanquished Creatures
  Maggie (D:6)
  Grinder (D:3)
  Prince Ribbit (D:7)
  2 water moccasins (D:6)
  A black bear (D:7)
  An ogre (D:7)
  A phantom (D:4)
  2 bullfrogs
  2 scorpions
  A howler monkey (D:7)
  3 jellies
  An orc priest (D:7)
  A hound (D:6)
  An iron imp (D:4)
  An iguana (D:6)
  Natasha (D:2)
  2 gnolls
  5 adders
  3 worms
  4 dart slugs
  13 orcs
  8 bats
  5 endoplasms
  11 goblins
  10 hobgoblins
  7 jackals
  9 kobolds
  9 quokkas
  7 ball pythons
  7 frilled lizards
  6 rats
127 creatures vanquished.

Vanquished Creatures (others)
  3 plants (D:3)
3 creatures vanquished.

Grand Total: 130 creatures vanquished

Notes
Turn   | Place    | Note
-------+----------+-------------------------------------------
     0 | D:1      | mortz the Kobold Conjurer began the quest for the Orb.
     0 | D:1      | Reached XP level 1. HP: 10/10 MP: 3/3
    43 | D:1      | Found Mutozyuh's Vocational Training.
   168 | D:1      | Reached XP level 2. HP: 15/15 MP: 3/5
   171 | D:1      | Learned a level 2 spell: Searing Ray
   414 | D:1      | Reached skill level 3 in Stealth
   498 | D:1      | Reached XP level 3. HP: 19/19 MP: 3/6
  1296 | D:2      | Found a hide-covered altar of Uskayaw.
  1459 | D:2      | Noticed Natasha
  1462 | D:2      | Killed Natasha
  1463 | D:2      | Reached XP level 4. HP: 24/24 MP: 2/8
  1675 | D:2      | Reached skill level 4 in Stealth
  1771 | D:2      | Reached skill level 1 in Short Blades
  1959 | D:2      | Found a faded altar of an unknown god.
  1979 | D:2      | Reached XP level 5. HP: 27/28 MP: 4/9
  2811 | D:3      | Noticed Sigmund
  3085 | D:3      | Noticed Grinder
  3090 | D:3      | Killed Grinder
  3091 | D:3      | Reached skill level 5 in Stealth
  3091 | D:3      | Reached skill level 5 in Conjurations
  3091 | D:3      | Reached skill level 1 in Translocations
  3091 | D:3      | Reached XP level 6. HP: 10/33 MP: 2/10
  3847 | D:4      | Found an iron altar of Okawaru.
  3906 | D:4      | Found a snail-covered altar of Cheibriados.
  3913 | D:4      | Reached XP level 7. HP: 37/37 MP: 5/11
  4089 | D:4      | Reached skill level 1 in Fighting
  4089 | D:4      | Reached skill level 6 in Stealth
  4920 | D:5      | Entered Level 5 of the Dungeon
  5140 | D:5      | Found an ornate altar of the Wu Jian Council.
  5147 | D:5      | Found a basalt altar of Yredelemnul.
  5162 | D:5      | Found an ancient bone altar of Kikubaaqudgha.
  5166 | D:5      | Found a burning altar of Makhleb.
  5178 | D:5      | Found a blossoming altar of Fedhas.
  5351 | D:5      | Found a staircase to the Ecumenical Temple.
  5357 | Temple   | Entered the Ecumenical Temple
  5425 | Temple   | Became a worshipper of Hepliaklqana the Forgotten
  5602 | D:5      | Identified the +9 spear of the Briny Deep {drain, rF+}
  5669 | D:5      | Found a glowing golden altar of the Shining One.
  5999 | D:6      | Reached skill level 7 in Stealth
  6044 | D:6      | Found Qytyegu Epte's Fire Supplies.
  6048 | D:6      | Noticed a water moccasin
  6049 | D:6      | Killed a water moccasin
  6050 | D:6      | Reached XP level 8. HP: 43/43 MP: 13/13
  6561 | D:6      | Reached skill level 8 in Stealth
  6562 | D:6      | Noticed Maggie
  6569 | D:6      | HP: 2/43 [Maggie/+0 glaive (10)]
  6570 | D:6      | Killed Maggie
  6932 | D:6      | Learned a level 4 spell: Iskenderun's Mystic Blast
  7004 | D:7      | Reached skill level 9 in Stealth
  7011 | D:6      | Upgraded the game from 0.29.0-4-gdea44cf6ec to
                  | 0.29.0-5-ge4962eb29e
  7202 | D:7      | Noticed Prince Ribbit
  7212 | D:7      | Reached XP level 9. HP: 48/48 MP: 14/14
  7212 | D:7      | Killed Prince Ribbit
  7218 | D:7      | Reached skill level 10 in Stealth
  7407 | D:7      | HP: 1/49 [something (9)]
  7410 | D:7      | Slain by an unseen horror

Illustrated notes

Levels and vault maps discovered:
D:1:      minmay_arrival_stone_box, layout_loops_ring, dk_noncrumbling_3,
          nicolae_shop_vocational
D:2:      kb_forest_paths, layout_basic, basic_altar,
          hellmonk_ecumenical_altar_blasted, uniq_natasha
D:3:      cheibrodos_old_hovel, layout_loops_ring, uniq_grinder, uniq_sigmund
D:4:      layout_loops_ring, slow_altar_1, okawaru_ov_weapons_minmay
D:5:      layout_rooms, minmay_overflow_temple_star_hex, general_overflow_altar,
          minmay_temple_entry_mini_moons, chequers_garden
D:6:      layout_loops_ring, nicolae_shop_fire_sale [nicolae_sub_dead_trees],
          uniq_maggie
D:7:      minmay_the_grid_triangle_9x9_rhombus_thin
          [minmay_the_grid_triangle_9x9_cache,
          minmay_the_grid_triangle_9x9_prize_special,
          minmay_the_grid_triangle_9x9_zippers_horizontal,
          minmay_the_grid_triangle_9x9_semitri], layout_cave_pools,
          serial_gnoll_camp, gnoll_camp_mini_loothouse, grums_kennel,
          gnoll_camp_mini_shop, gnoll_camp_mini_sergeant,
          amcnicky_mini_pool_small, dk_vineyard_3, uniq_prince_ribbit1,
          uniq_joseph
Temple:   nicolae_temple_figure_eight

Skill      XL: |  1  2  3  4  5  6  7  8  9 |
---------------+----------------------------+-----
Stealth        | 3 4 5 7 9 10 | 10.2
Short Blades   | 1 2 3 4 |  4.0
Dodging        | 3 4 |  4.1
Spellcasting   | 3 4 |  4.1
Conjurations   | 5 6 |  6.1
Translocations | 1 2 3 4 |  4.2
Fighting       | 1 2 |  2.3
Polearms       | |  0.8

Action                   |  1- 3 |  4- 6 |  7- 9 || total
-------------------------+-------+-------+-------++-------
Melee: Dagger            |    10 |    17 |    26 ||    53
       Spear             |       |       |     2 ||     2
       Punch             |       |       |     1 ||     1
 Cast: Magic Dart        |    11 |       |       ||    11
       Searing Ray       |    17 |    27 |    26 ||    70
       Iskenderun's Myst |       |       |    10 ||    10
  Use: Scroll            |       |     3 |     3 ||     6
       Potion            |       |       |     2 ||     2
 Stab: Sleeping          |     9 |    15 |    25 ||    49
Armor: Robe              |     1 |     6 |     4 ||    11
       Steam dragon scal |       |       |    14 ||    14
Dodge: Dodged            |     8 |    22 |    44 ||    74
